 Dungeon Crawl Stone Soup version 0.18.1-8-gdd0e5ea (webtiles) character file.

229 RudyRod the Sneak (level 6, -8/51 HPs)
             Began as a Naga Fire Elementalist on June 9, 2016.
             Killed from afar by RudyRod's ghost (23 damage)
             ... with a flame tongue
             ... on level 4 of the Dungeon.
             The game lasted 00:25:03 (4153 turns).

RudyRod the Sneak (Naga Fire Elementalist)          Turns: 4153, Time: 00:25:04

Health: -8/51      AC:  4    Str: 10    XL:     6   Next: 3%
Magic:  0/10       EV:  5    Int: 17    God:
Gold:   212        SH:  0    Dex: 12    Spells: 4 memorised, 1 level left

rFire  . . .     SeeInvis +     o - +1 short sword (drain)
rCold  . . .     Gourm    .     a - +0 robe
rNeg   . . .     Faith    .     (no shield)
rPois  +         Spirit   .     (no helmet)
rElec  .         Dismiss  .     h - +0 cloak
rCorr  .         Reflect  .     (no gloves)
SustAt .         Harm     .     (no barding)
MR     .....                    (no amulet)
Stlth  +++.......               (no ring)
                                (no ring)

@: lethally poisoned (-8 -> -11), very slow, not resistant to hostile
enchantments, fairly stealthy
A: see invisible, deformed body, poison resistance, slowness 2, slow metabolism
1, spit poison 2, AC +2
a: Spit Poison


You were on level 4 of the Dungeon.
You were not hungry.

You visited 1 branch of the dungeon, and saw 4 of its levels.

You collected 212 gold pieces.

Inventory:

Hand Weapons
 d - a +0 short sword
 o - a +1 short sword of draining (weapon)
Armour
 a - a +0 robe (worn)
 f - a +0 buckler
 h - a +0 cloak (worn)
Scrolls
 e - a scroll of teleportation
 j - a scroll of magic mapping {unknown}
 p - 2 scrolls of identify
 r - 2 scrolls of remove curse
 s - a scroll of blinking
Potions
 i - 2 potions of curing {unknown}
 k - a potion of degeneration {unknown}
 l - a potion of mutation {unknown}
 u - a potion of cure mutation {unknown}
 x - a potion of might {unknown}
Books
 b - a book of Flames

   Spells                             Type                      Level
   a - Flame Tongue                   Conjuration/Fire             1
   b - Throw Flame                    Conjuration/Fire             2
   c - Conjure Flame                  Conjuration/Fire             3
   d - Inner Flame                    Hexes/Fire                   3
   e - Sticky Flame                   Conjuration/Fire             4
   f - Fireball                       Conjuration/Fire             5
 t - a book of Air

   Spells                             Type                      Level
   a - Shock                          Conjuration/Air              1
   b - Swiftness                      Charms/Air                   2
   c - Repel Missiles                 Charms/Air                   2
   d - Static Discharge               Conjuration/Air              3
   e - Lightning Bolt                 Conjuration/Air              5
Miscellaneous
 w - a plain deck of changes {the Alchemist}
Comestibles
 c - a bread ration
 g - 2 fruits
 n - 2 meat rations
 q - 2 beef jerkies


   Skills:
 + Level 1.1 Fighting
 + Level 0.2 Short Blades
 + Level 2.3 Dodging
 * Level 5.1 Stealth
 + Level 2.9 Spellcasting
 + Level 1.5 Conjurations
 * Level 4.3 Fire Magic
 * Level 0.4 Air Magic


You had one spell level left.
You knew the following spells:

 Your Spells              Type           Power        Failure   Level  Hunger
a - Flame Tongue          Conj/Fire      ##...        6%          1    None
b - Throw Flame           Conj/Fire      ##....       10%         2    ##.....
c - Sticky Flame          Conj/Fire      ##......     58%         4    ####...
d - Swiftness             Chrm/Air       #.......     30%         2    ##.....


Dungeon Overview and Level Annotations

Branches:
Dungeon (4/15)
 Temple: D:4-7

Altars:
Cheibriados
Nemelex Xobeh
Ru
Sif Muna

Shops:
D:4 *

Annotations:
D:4 RudyRod's ghost, amateur NaFE


Innate Abilities, Weirdness & Mutations

You cannot wear boots.
Your serpentine skin is tough (AC +2).
You have supernaturally acute eyesight.
Armour fits poorly on your strangely shaped body.
Your system is resistant to poisons.
You cover ground very slowly.
You have a slow metabolism.
You can spit poison.


Message History

Confirm with . or Enter, or press ? or * to list all spells.
Aiming: Flame Tongue
Press: ? - help, Shift-Dir - straight line, f/p - RudyRod's ghost
Aim: RudyRod's ghost, wielding a weapon of venom (heavily damaged)
The flame tongue hits RudyRod's ghost.
RudyRod's ghost appears unharmed.
RudyRod's ghost is heavily damaged.
You feel sick.
RudyRod's ghost gestures at you while chanting.
The puff of flame hits you!
Casting: Flame Tongue
Confirm with . or Enter, or press ? or * to list all spells.
Aiming: Flame Tongue
Press: ? - help, Shift-Dir - straight line, f/p - RudyRod's ghost
Aim: RudyRod's ghost, wielding a weapon of venom (heavily damaged)
The flame tongue misses RudyRod's ghost.
RudyRod's ghost barely misses you.
You feel sick.
RudyRod's ghost gestures at you while chanting.
The flame tongue hits you!
You die...

#.#######..##.#
#.#...........
#.........###
#W........# .
#.#.####..#....
#...............
###...####..#.....
#.W.....##..# ....
#@#.........# ...
#.#........## ..
#.>.....#### .
#.......#
#(......#
#.#...#.# ##+##
#)......# ##...#
###.##### ##.....
#.#.## ##......


You could see RudyRod's ghost.

Vanquished Creatures
  A centaur skeleton (D:4)
  An orc wizard (D:3)
  The ghost of kak the Conjurer, a weakling DECj (D:3)
  A gnoll (D:1)
  5 adders
  An ooze (D:2)
  4 worms
  3 dart slugs
  5 giant geckos
  6 orcs
  A ball python (D:1)
  3 giant cockroaches
  6 goblins
  10 hobgoblins
  11 kobolds
  3 quokkas (D:2)
  13 bats
  A giant newt (D:3)
  5 rats
81 creatures vanquished.

Notes
Turn   | Place    | Note
--------------------------------------------------------------
     0 | D:1      | RudyRod the Naga Fire Elementalist began the quest for the Orb.
     0 | D:1      | Reached XP level 1. HP: 15/15 MP: 3/3
   120 | D:1      | Reached XP level 2. HP: 22/22 MP: 3/5
   397 | D:1      | Reached XP level 3. HP: 12/28 MP: 0/6
   949 | D:2      | Reached skill level 4 in Stealth
  1169 | D:2      | Reached XP level 4. HP: 25/36 MP: 2/7
  1256 | D:2      | Found a snail-covered altar of Cheibriados.
  1351 | D:2      | Found a deep blue altar of Sif Muna.
  1482 | D:2      | Found a sacrificial altar of Ru.
  2056 | D:3      | Reached XP level 5. HP: 25/43 MP: 8/8
  2340 | D:3      | Reached skill level 5 in Stealth
  2475 | D:3      | Found a sparkling altar of Nemelex Xobeh.
  2485 | D:3      | Noticed kak's ghost (weakling DECj)
  2747 | D:3      | Reached skill level 1 in Fighting
  3048 | D:3      | Learned a level 2 spell: Throw Flame
  3053 | D:3      | Learned a level 4 spell: Sticky Flame
  3170 | D:3      | Learned a level 2 spell: Swiftness
  3444 | D:3      | Killed kak's ghost
  3691 | D:4      | Reached XP level 6. HP: 41/51 MP: 3/10
  3860 | D:4      | Found Vuriorr's General Store.
  3882 | D:4      | Noticed RudyRod's ghost (amateur NaFE)
  4153 | D:4      | Killed from afar by RudyRod's ghost

Skill      XL: |  1  2  3  4  5 |
---------------+----------------+-----
Dodging        | 2 |  2.3
Stealth        | 4 5 |  5.1
Fire Magic     | 4 |  4.3
Fighting       | 1 |  1.1
Short Blades   | |  0.2
Spellcasting   | |  2.9
Conjurations   | |  1.5
Air Magic      | |  0.4

Action                   |  1- 3 |  4- 6 || total
-------------------------+-------+-------++-------
Melee: Short sword       |    24 |    58 ||    82
 Cast: Flame Tongue      |    37 |    94 ||   131
       Swiftness         |       |     3 ||     3
       Throw Flame       |       |     1 ||     1
 Abil: Spit Poison       |     3 |     2 ||     5
  Use: Scroll            |       |     7 ||     7
 Stab: Sleeping          |     4 |     4 ||     8
  Eat: Chunk             |     1 |     3 ||     4
       Bread ration      |       |     1 ||     1
       Pizza             |       |     1 ||     1
Armor: Robe              |    14 |    29 ||    43
Dodge: Dodged            |    27 |    69 ||    96
